 Dungeon Crawl Stone Soup version 0.24.0-123-gd5b16e6ec5 (webtiles) character file.

Game seed: 14188688359176742159, levelgen mode: deterministic

631 Curus the Spear-Bearer (level 7, 0/50 HPs)
             Began as a Merfolk Gladiator on Jan 15, 2020.
             Succumbed to an orc's poison
             ... on level 4 of the Dungeon.
             The game lasted 00:09:32 (3207 turns).

Curus the Spear-Bearer (Merfolk Gladiator)          Turns: 3207, Time: 00:09:32

Health: 0/50       AC:  5    Str: 14    XL:     7   Next: 48%
Magic:  4/7        EV: 14    Int:  7    God:
Gold:   223        SH:  0    Dex: 18    Spells: 6/6 levels left

rFire    . . .     SeeInvis .   a - +1 trident
rCold    . . .     Gourm    .   (no shield)
rNeg     . . .     Faith    .   b - +0 leather armour
rPois    .         Spirit   +   c - +0 helmet
rElec    .         Reflect  .   (no cloak)
rCorr    .         Harm     .   (no gloves)
MR       .....                  (no boots)
Stlth    +.........             g - amulet of guardian spirit
HPRegen  0.16/turn              k - +3 ring of slaying
MPRegen  0.10/turn              h - +1 ring of protection

@: lethally poisoned (0 -> -5)
A: change form in water, swift swim, stealthy swim
a: no special abilities


You were on level 4 of the Dungeon.
You were not hungry.

You visited 1 branch of the dungeon, and saw 4 of its levels.

You collected 223 gold pieces.

Inventory:

Hand Weapons
 a - a +1 trident (weapon)
Missiles
 d - 3 throwing nets (quivered)
Armour
 b - a +0 leather armour (worn)
 c - a +0 helmet (worn)
Jewellery
 g - an amulet of guardian spirit (around neck)
 h - a +1 ring of protection (right hand)
 k - a +3 ring of slaying (left hand)
 l - a +5 ring of intelligence {unknown}
Scrolls
 e - 5 scrolls of identify
 m - a scroll of teleportation
Potions
 j - a potion of brilliance
Comestibles
 f - 4 rations
 i - 3 chunks of flesh


   Skills:
 - Level 2.1 Fighting
 + Level 11.8 Polearms
 - Level 2.0 Throwing
 - Level 4.0 Dodging


You had 6 spell levels left.
You didn't know any spells.
Your spell library was empty.

Dungeon Overview and Level Annotations

Branches:
Dungeon (4/15)
 Temple: D:4-7

Altars:
Cheibriados
Elyvilon
Makhleb

Annotations:
D:3 1 runed translucent door, NeAGen181's ghost, amateur DDNe


Message History

You kill the orc!
* * * LOW HITPOINT WARNING * * *
You feel sick.
* * * LOW HITPOINT WARNING * * *
You feel sick.
Things that are here:
a +1 dagger of venom; a +0 ring mail; an orc corpse
* * * LOW HITPOINT WARNING * * *
You feel sick.
* * * LOW HITPOINT WARNING * * *
You feel sick.
* * * LOW HITPOINT WARNING * * *
You feel sick.
You see here 20 gold pieces.
You now have 223 gold pieces (gained 20).
* * * LOW HITPOINT WARNING * * *
You feel sick.
* * * LOW HITPOINT WARNING * * *
You feel sick.
You die...

......))................
......)............#...
#.....#)...............
####....(...#.###..#...
#........#.# #......
#.........<....####.
#............### #.
#.##............# ....
#.....@......... .....
####...%........ #####
#...........
#........... ###########


There were no monsters in sight!

Vanquished Creatures
  Sigmund (D:2)
  A centaur (D:3)
  An ogre (D:4)
  A crimson imp (D:3)
  A centaur skeleton (D:4)
  2 orc priests (D:4)
  An iguana (D:4)
  An orc wizard (D:2)
  A worker ant (D:4)
  5 adders
  2 worms
  A dart slug (D:1)
  A leopard gecko (D:4)
  10 orcs
  2 giant cockroaches
  12 goblins
  4 hobgoblins
  5 jackals (D:1)
  3 ball pythons
  6 bats
  5 frilled lizards
  6 kobolds
  10 rats
82 creatures vanquished.

Notes
Turn   | Place    | Note
-------+----------+-------------------------------------------
     0 | D:1      | Curus the Merfolk Gladiator began the quest for the Orb.
     0 | D:1      | Reached XP level 1. HP: 16/16 MP: 1/1
    87 | D:1      | Reached skill level 5 in Polearms
    88 | D:1      | Reached XP level 2. HP: 10/22 MP: 2/2
   503 | D:1      | Reached skill level 6 in Polearms
   503 | D:1      | Reached XP level 3. HP: 27/27 MP: 3/3
  1207 | D:2      | Noticed Sigmund
  1233 | D:2      | Killed Sigmund
  1233 | D:2      | Reached skill level 9 in Polearms
  1233 | D:2      | Reached XP level 4. HP: 12/33 MP: 4/4
  1233 | D:2      | Reached XP level 5. HP: 14/38 MP: 5/5
  1543 | D:2      | Found a white marble altar of Elyvilon.
  1608 | D:2      | Reached XP level 6. HP: 5/44 MP: 4/6
  2064 | D:3      | Found a runed translucent door.
  2072 | D:3      | Noticed NeAGen181's ghost (amateur DDNe)
  2429 | D:3      | Reached skill level 10 in Polearms
  2776 | D:3      | Found a snail-covered altar of Cheibriados.
  3090 | D:4      | Reached skill level 11 in Polearms
  3090 | D:4      | Reached XP level 7. HP: 41/50 MP: 5/7
  3126 | D:4      | Found a burning altar of Makhleb.
  3205 | D:4      | HP: 2/50 [poisoned by an orc]
  3207 | D:4      | Succumbed to an orc's poison

Levels and vault maps discovered:
D:1:      nzn_arrival_depleted_hourglass, layout_basic, interstate_on_off,
          minmay_strange_pillars
D:2:      layout_basic, lemuel_doored_altar, uniq_sigmund
D:3:      layout_basic, marbit_many_paths, ebering_ghost_sewer_d,
          minmay_divided_ellipse
D:4:      layout_rooms, corexii_item_surrounded_by_moat, bloody_makhleb

Skill      XL: |  1  2  3  4  5  6 |
---------------+-------------------+-----
Polearms       | 5 6 9 11 | 11.8
Fighting       | |  2.1
Throwing       | |  2.0
Dodging        | |  4.0

Action                   |  1- 3 |  4- 6 |  7- 9 || total
-------------------------+-------+-------+-------++-------
Melee: Trident           |    97 |   107 |    51 ||   255
  Use: Scroll            |     4 |     3 |       ||     7
       Potion            |     3 |     3 |       ||     6
 Stab: Sleeping          |     2 |     1 |       ||     3
       Distracted        |       |     1 |       ||     1
  Eat: Chunk             |     1 |     6 |       ||     7
Armor: Leather armour    |    19 |    15 |     9 ||    43
       Skin              |     1 |     7 |       ||     8
Dodge: Dodged            |    54 |    44 |    28 ||   126
